 Dungeon Crawl Stone Soup version 0.21.1-1-g345015f (webtiles) character file.

5364 kae the Cleaver (level 10, -3/90 HPs)
             Began as a Hill Orc Fighter on June 1, 2018.
             Was a Believer of Makhleb.
             Slain by a two-headed ogre
             ... wielding a +0 giant spiked club
              (28 damage)
             ... on level 8 of the Dungeon.
             The game lasted 00:09:47 (8640 turns).

kae the Cleaver (Hill Orc Fighter)                  Turns: 8640, Time: 00:09:48

Health: -3/90      AC:  9    Str: 22    XL:     10   Next: 65%
Magic:  25/25      EV: 13    Int:  8    God:    Makhleb [**....]
Gold:   311        SH:  0    Dex: 14    Spells: 9/9 levels left

rFire    . . .     SeeInvis .   B - +0 executioner's axe (freeze)
rCold    . . .     Gourm    .   (shield currently unavailable)
rNeg     . . .     Faith    .   b - +1 scale mail
rPois    +         Spirit   .   (no helmet)
rElec    .         Reflect  .   (no cloak)
rCorr    .         Harm     .   (no gloves)
MR       ++...                  (no boots)
Stlth    +.........             q - amulet of regeneration (curse)
HPRegen  0.65/turn              l - +5 ring of dexterity
MPRegen  0.19/turn              u - ring of Senez {rPois MR++ MP+9 Dex-2 Stlth+}

@: no status effects
A: no striking features
a: Minor Destruction, Renounce Religion


You were on level 8 of the Dungeon.
You worshipped Makhleb.
Makhleb was pleased with you.
You were very hungry.

You visited 2 branches of the dungeon, and saw 10 of its levels.

You collected 438 gold pieces.
You spent 127 gold pieces at shops.

Inventory:

Hand Weapons
 a - a +0 war axe of freezing
 y - a +0 broad axe of chopping
 B - a +0 executioner's axe of freezing (weapon)
Armour
 b - a +1 scale mail (worn)
 c - a +0 shield
Jewellery
 j - the amulet of the Postmodern Queens {Spirit rF+}
   (You found it on level 4 of the Dungeon)

   [amulet of guardian spirit]

   It causes incoming damage to be split between your health and magic.
   It protects you from fire.
 l - a +5 ring of dexterity (left hand)
 q - a cursed amulet of regeneration (around neck)
 u - the ring of Senez (right hand) {rPois MR++ MP+9 Dex-2 Stlth+}
   (You found it on level 5 of the Dungeon)

   [ring of poison resistance]

   It affects your dexterity (-2).
   It protects you from poison.
   It affects your resistance to hostile enchantments.
   It affects your magic capacity (+9).
   It makes you more stealthy.
 w - an uncursed ring of ice
Wands
 m - a wand of enslavement (8)
 o - a wand of digging (17)
 p - a wand of acid (11)
 A - a wand of flame (41)
 C - a wand of polymorph (6)
Scrolls
 e - a scroll of amnesia
 i - 3 scrolls of remove curse
 D - a scroll of enchant armour
 E - 3 scrolls of identify
Potions
 d - a potion of haste
 g - a potion of cancellation
 h - a potion of brilliance
 k - a potion of agility
 n - a potion of mutation {unknown}
Comestibles
 f - 17 rations


   Skills:
 + Level 8.4 Fighting
 * Level 11.7 Axes
 + Level 7.7 Armour
 + Level 5.1 Dodging
 - Level 3.2 Shields
 * Level 8.2 Invocations


You had 9 spell levels left.
You didn't know any spells.

Dungeon Overview and Level Annotations

Branches:
Dungeon (9/15)             Temple (1/1) D:5            Lair (0/6) D:8
    Orc: D:9-12

Altars:
Ashenzari
Cheibriados
Elyvilon
Fedhas
Gozag
Hepliaklqana
Kikubaaqudgha
Makhleb
Nemelex Xobeh
Qazlal
Ru
Sif Muna
Trog
Uskayaw
Vehumet
Wu Jian
Xom
Yredelemnul
Zin
The Shining One

Shops:
D:6 *

Annotations:
D:3 2 transporters, kae's ghost, amateur TeFE


Message History

The two-headed ogre is lightly wounded.
The two-headed ogre closely misses you.
The two-headed ogre hits you with a giant club.
You barely miss the two-headed ogre.
The two-headed ogre is lightly wounded.
The two-headed ogre hits you with a giant spiked club!
The two-headed ogre closely misses you.
You slash the two-headed ogre! You freeze the two-headed ogre.
The two-headed ogre is heavily wounded.
The two-headed ogre completely misses you.
The two-headed ogre hits you with a giant club!!
You barely miss the two-headed ogre.
The two-headed ogre is heavily wounded.
The two-headed ogre hits you with a giant spiked club!
The two-headed ogre hits you with a giant club!
* * * LOW HITPOINT WARNING * * *
You hit the two-headed ogre. You freeze the two-headed ogre.
The two-headed ogre is heavily wounded.
The two-headed ogre hits you with a giant spiked club!!
You die...

.#########################.##.#..
.# #.......# #.##.### .#
#.......# # #.##.).. .#
#.......#.#< #.###### .#
#........... #.#
.###########.............#.#
.#........#....†........ #.#
.#........#.##.O##..... #.#
.#........#.#...@#y...
.+........#.#....#... ..
.#........#.#.####.'# ..
.#.#.######.#. #..#.##
............######.....#
<#...######........##..###.
....## ###†.............. ....###
#####.......##.# ......#
#.......# .#


You could see a two-headed ogre.

Vanquished Creatures
  The ghost of Jaiteiro the Archer, a novice CeHu (D:7)
  Grinder (D:4)
  Sigmund (D:4)
  5 yaks (D:8)
  Menkaure (D:4)
  A water moccasin (D:8)
  2 porcupines (D:8)
  An ice beast (D:6)
  3 ogres
  An orc warrior (D:9)
  A phantom (D:5)
  3 centaurs
  4 crocodiles (D:8)
  A bullfrog (D:9)
  A water moccasin zombie (D:7)
  2 scorpions
  10 killer bees (D:8)
  4 wights
  3 crimson imps
  A centaur zombie (D:8)
  5 jellies
  5 orc priests
  6 hounds
  3 centaur skeletons
  7 orc wizards
  Terence (D:2)
  2 iguanas
  4 worker ants
  A hound zombie (D:6)
  A howler monkey zombie (D:5)
  7 gnolls
  A howler monkey skeleton (D:6)
  8 adders
  A shadow imp (D:5)
  An ooze (D:5)
  3 adder zombies
  7 worms
  6 leopard geckos
  37 orcs
  2 ball pythons
  4 giant cockroaches
  8 goblins
  9 hobgoblins
  6 jackals
  4 quokkas
  9 bats
  5 frilled lizards
  2 hobgoblin zombies (D:8)
  9 kobolds
  A kobold zombie (D:8)
  A leopard gecko zombie (D:5)
  4 rats
  A fungus (D:8)
  A plant (D:8)
219 creatures vanquished.

Vanquished Creatures (others)
  2 bushes (D:8)
  2 fungi (D:8)
  10 plants (D:8)
14 creatures vanquished.

Grand Total: 233 creatures vanquished

Notes
Turn   | Place    | Note
-------+----------+-------------------------------------------
     0 | D:1      | kae the Hill Orc Fighter began the quest for the Orb.
     0 | D:1      | Reached XP level 1. HP: 19/19 MP: 1/1
   165 | D:1      | Reached skill level 3 in Axes
   241 | D:1      | Reached XP level 2. HP: 24/27 MP: 2/2
   493 | D:1      | Reached XP level 3. HP: 33/33 MP: 3/3
   951 | D:2      | Noticed Terence
   963 | D:2      | Killed Terence
   963 | D:2      | Reached skill level 4 in Axes
   963 | D:2      | Reached skill level 1 in Dodging
   963 | D:2      | Reached XP level 4. HP: 39/40 MP: 4/4
  1037 | D:2      | Reached XP level 5. HP: 35/47 MP: 5/5
  1408 | D:3      | Reached skill level 5 in Axes
  1498 | D:3      | Found a transporter.
  1526 | D:3      | Reached XP level 6. HP: 8/53 MP: 6/6
  1599 | D:3      | Found a transporter.
  2187 | D:3      | Noticed kae's ghost (amateur TeFE)
  2415 | D:3      | Found a blossoming altar of Fedhas.
  2810 | D:4      | Found a white marble altar of Elyvilon.
  2829 | D:3      | Reached skill level 5 in Fighting
  2829 | D:3      | Reached skill level 6 in Axes
  3234 | D:4      | Noticed Sigmund
  3254 | D:4      | Killed Sigmund
  3254 | D:4      | Reached skill level 5 in Armour
  3254 | D:4      | Reached XP level 7. HP: 37/61 MP: 7/7
  3274 | D:4      | Reached skill level 7 in Axes
  3279 | D:4      | Noticed Grinder
  3286 | D:4      | Paralysed by Grinder for 4 turns
  3290 | D:4      | Killed Grinder
  3351 | D:4      | Reached XP level 8. HP: 66/70 MP: 8/8
  3401 | D:4      | Noticed Menkaure
  3410 | D:4      | Killed Menkaure
  3410 | D:4      | Reached skill level 8 in Axes
  3723 | D:4      | Got a bound garnet amulet
  4095 | D:5      | Entered Level 5 of the Dungeon
  4096 | D:5      | Identified the amulet of the Postmodern Queens {Spirit rF+} (You found it on level 4 of the Dungeon)
  4258 | D:5      | Got a pitted pewter ring
  4278 | D:5      | Found a glowing golden altar of the Shining One.
  4483 | D:5      | Found a staircase to the Ecumenical Temple.
  4490 | Temple   | Entered the Ecumenical Temple
  4622 | Temple   | Became a worshipper of Makhleb the Destroyer
  4807 | D:5      | Reached skill level 1 in Invocations
  5115 | D:6      | Identified the ring of Senez {rPois MR++ MP+9 Dex-2 Stlth+} (You found it on level 5 of the Dungeon)
  5197 | D:6      | Reached skill level 9 in Axes
  5214 | D:6      | Noticed an angel
  5215 | D:6      | Found a shimmering altar of Xom.
  5215 | D:6      | Found a glowing silver altar of Zin.
  5741 | D:6      | Reached XP level 9. HP: 78/78 MP: 11/11
  5822 | D:6      | Found Feyff's Assorted Antiques.
  5831 | D:6      | Bought a scroll labeled VUEREN UPACKADOM for 22 gold pieces
  5831 | D:6      | Bought a scroll labeled VUEREN UPACKADOM for 22 gold pieces
  5831 | D:6      | Bought 2 scrolls labeled UNEADGH WAYTUNYCW for 44 gold pieces
  5831 | D:6      | Bought 2 amethyst potions for 39 gold pieces
  6325 | D:7      | Found a sacrificial altar of Ru.
  6358 | D:7      | Noticed Jaiteiro's ghost (novice CeHu)
  6474 | D:6      | Reached * piety under Makhleb
  6556 | D:7      | Killed Jaiteiro's ghost
  6556 | D:7      | Reached skill level 10 in Axes
  6556 | D:7      | Reached skill level 5 in Invocations
  7472 | D:9      | Found a bloodstained altar of Trog.
  7502 | D:9      | Reached XP level 10. HP: 61/88 MP: 14/14
  7527 | D:9      | Noticed a cyan ugly thing
  7840 | D:8      | Reached skill level 11 in Axes
  7843 | D:8      | HP: 4/88 [killer bee (2)]
  8138 | D:8      | Found a staircase to the Lair.
  8155 | D:8      | Reached ** piety under Makhleb
  8178 | D:8      | Reached skill level 5 in Dodging
  8383 | D:8      | Found a sparkling altar of Nemelex Xobeh.
  8630 | D:8      | Noticed a two-headed ogre
  8640 | D:8      | Slain by a two-headed ogre

Skill      XL: |  1  2  3  4  5  6  7  8  9 10 |
---------------+-------------------------------+-----
Axes           | 3 4 5 6 7 9 10 11 | 11.7
Fighting       | 4 5 6 7 8 |  8.4
Dodging        | 1 2 3 4 5 |  5.1
Armour         | 4 5 6 7 |  7.7
Invocations    | 2 6 8 |  8.2
Shields        | |  3.2

Action                   |  1- 3 |  4- 6 |  7- 9 | 10-12 || total
-------------------------+-------+-------+-------+-------++-------
Melee: War axe           |   119 |   221 |   182 |       ||   522
       Executioner's axe |       |       |   109 |   157 ||   266
  Use: Scroll            |       |    11 |     8 |     1 ||    20
       Potion            |       |     3 |     4 |     8 ||    15
 Stab: Invisible         |       |       |       |     1 ||     1
  Eat: Chunk             |       |     8 |    14 |     3 ||    25
Armor: Scale mail        |    43 |    88 |   120 |    73 ||   324
       Skin              |       |       |       |     6 ||     6
Dodge: Dodged            |    29 |    51 |   213 |   186 ||   479
Block: Shield            |    55 |    89 |    90 |       ||   234
